 Dungeon Crawl Stone Soup version 0.31-a0-1291-g5386780bc2 (webtiles) character file.

Game seed: 12880528324790914803

259 Colgate the Cutter (level 6, -5/35 HPs)
             Began as a Kobold Brigand on Dec 18, 2023.
             Slain by an orc wizard
             ... wielding the +0 mace of Distant Shores {speed, rF+}
              (7 damage)
             ... on level 4 of the Dungeon.
             The game lasted 00:06:06 (2536 turns).

Colgate the Cutter (Kobold Brigand)                 Turns: 2536, Time: 00:06:06

Health: -5/35      AC:  6    Str:  8    XL:     6   Next: 40%
Magic:  6/6        EV: 14    Int: 12    God:
Gold:   120        SH:  5    Dex: 19    Spells: 5/5 levels left

rFire   . . .        a - +2 dagger
rCold   + + .        (no shield)
rNeg    . . .        k - +2 robe of Veuptocu {rC++}
rPois   .            l - +0 helmet
rElec   .            c - +0 cloak
rCorr   +            (no gloves)
SInv    .            (no boots)
Will    .....        g - amulet of reflection
Stlth   ++++         q - ring of resist corrosion
HPRegen 0.25/turn    (no ring)
MPRegen 0.10/turn

%: reflection
@: no status effects
A: small, no large weapons, nightstalker 3
a: no special abilities


You were on level 4 of the Dungeon.
You visited 1 branch of the dungeon, and saw 4 of its levels.

You collected 120 gold pieces.

Inventory:

Hand Weapons
 a - a +2 dagger (weapon)
 b - a +0 rapier
 f - a +0 short sword
Missiles
 d - 4 poisoned darts (quivered)
 e - 3 curare-tipped darts
 h - 5 darts of dispersal
Armour
 c - a +0 cloak (worn)
 k - the +2 robe of Veuptocu (worn) {rC++}
   (You found it on level 2 of the Dungeon)

   rC++:      It greatly protects you from cold.
 l - a +0 helmet (worn)
Jewellery
 g - an amulet of reflection (around neck)
 q - a ring of resist corrosion (left hand)
Scrolls
 i - a scroll of revelation {unknown}
 n - a scroll of fog {unknown}
 o - 2 scrolls of identify {unknown}
 p - a scroll of torment {unknown}
Potions
 j - 2 potions of curing {unknown}
 m - 2 potions of attraction {unknown}


   Skills:
 - Level 2.1 Fighting
 + Level 7.9 Short Blades
 - Level 2.1 Throwing
 - Level 1.2 Dodging
 - Level 6.0 Stealth


You had 5 spell levels left.
You didn't know any spells.
Your spell library contained the following spells:

 Spells                   Type           Power      Damage    Failure   Level
 Tukima's Dance           Hex            0%         N/A       69%         3
 Passage of Golubria      Tloc           0%         N/A       97%         4
 Yara's Violent Unravell  Hex/Tmut       0%         3d3       100%        5


Dungeon Overview and Level Annotations

Branches:
Dungeon (4/15)
 Temple: D:4-7

Altars:

Annotations:
D:4 3 runed translucent doors, Farnir's ghost, novice MiFi; Gargoyl's ghost, novice GrBe; daxdoom's ghost, amateur MiBe; jotaen's ghost, amateur MiFi


Innate Abilities, Weirdness & Mutations

You are small and have problems with some larger weapons.
You are completely attuned to the shadows.


Message History

The orc wizard hits you but does no damage.
You closely miss the orc wizard.
The orc wizard hits you but does no damage.
You block the orc's attack.
You hit the orc wizard.
The orc wizard gestures wildly while chanting.
The orc wizard flickers and vanishes!
Deactivating autopickup; reactivate with Ctrl-A.
You hit something. The orc barely misses you.
You hear some strange, mumbled words.
Something tries to affect you, but you resist.
You barely miss something. The orc hits you but does no damage.
You barely miss something.
You hear some strange, mumbled words.
You are confused.
You hit the orc.
You kill the orc!
You hear some strange, mumbled words.
A magic dart appears from out of thin air!
The magic dart hits you!
Things that are here:
a +0 dagger; an orc corpse Something hits you but does no damage.
You bump into the rock wall.
Something hits you but does no damage. Something hits you but does no damage.
You feel less confused.
You hit something. Something hits you.
* * * LOW HITPOINT WARNING * * *
You closely miss something. Something hits you but does no damage.
You hit something. Something hits you.
* * * LOW HITPOINT WARNING * * *
You closely miss something.
You hear some strange, mumbled words.
A puff of flame appears from out of thin air!
The puff of flame misses you.
You hit something. You hit something but do no damage. Something hits you!
* * * LOW HITPOINT WARNING * * *
You hit something but do no damage. Something hits you!
You die...

...## ##..## ##......#
...<#
##..#####..###..##
>...## ##..##...##
##..## .....##
##.....## ##..##
......## #.....# ##..##
.......## ##...##
##..## ........##
##...## ##...
.........## ##.....##
##..
.....)....####..@{)†.##
##.
..........>.....†....##
##
..............####...#
# ...........### ##..##
..........# ##..#
......o)## ##.# .....#
#.# ..(..# #.# # .((..#
#.# ##


There were no monsters in sight!

Vanquished Creatures
  An ogre (D:4)
  A howler monkey (D:3)
  A hound (D:4)
  An orc wizard (D:2)
  2 adders
  A worm (D:3)
  A dart slug (D:1)
  4 orcs
  7 ball pythons
  4 bats
  3 endoplasms
  2 giant cockroaches
  7 goblins
  8 hobgoblins
  7 kobolds
  4 quokkas
  2 frilled lizards
  2 rats (D:1)
58 creatures vanquished.

Notes
Turn   | Place    | Note
-------+----------+-------------------------------------------
     0 | D:1      | Colgate the Kobold Brigand began the quest for the Orb.
     0 | D:1      | Reached XP level 1. HP: 12/12 MP: 1/1
   103 | D:1      | Reached skill level 3 in Short Blades
   237 | D:1      | Reached XP level 2. HP: 8/17 MP: 2/2
   330 | D:1      | Reached skill level 4 in Short Blades
   594 | D:1      | Reached XP level 3. HP: 21/21 MP: 3/3
  1293 | D:2      | Identified the +2 robe of Veuptocu {rC++}
  1383 | D:2      | Reached skill level 5 in Short Blades
  1383 | D:2      | Reached XP level 4. HP: 26/26 MP: 4/4
  1871 | D:3      | Reached skill level 6 in Short Blades
  1871 | D:3      | Reached XP level 5. HP: 30/30 MP: 5/5
  1882 | D:3      | Found a faded altar of an unknown god.
  2279 | D:3      | You fall into a shaft and drop 1 floor!
  2347 | D:4      | Found a runed translucent gate.
  2347 | D:4      | Found a runed translucent gate.
  2347 | D:4      | Found a runed translucent gate.
  2349 | D:4      | Noticed daxdoom's ghost (amateur MiBe)
  2349 | D:4      | Noticed jotaen's ghost (amateur MiFi)
  2351 | D:4      | Noticed Gargoyl's ghost (novice GrBe)
  2351 | D:4      | Noticed Farnir's ghost (novice MiFi)
  2375 | D:4      | Noticed an ogre
  2390 | D:4      | Killed an ogre
  2391 | D:4      | Reached skill level 7 in Short Blades
  2391 | D:4      | Reached XP level 6. HP: 35/35 MP: 6/6
  2500 | D:4      | Identified the +0 mace of Distant Shores {speed, rF+}
  2536 | D:4      | Slain by an orc wizard

Illustrated notes

Levels and vault maps discovered:
D:1:      ebering_trefoil_3fold, layout_basic
D:2:      layout_loops_ring
D:3:      layout_basic, dreamdust_ecumenical_altar_grove
D:4:      layout_layer_cave, fedhas_altar_1, gammafunk_ghost_cemetery,
          enter_ossuary_5, hangedman_minor_gate_pass

Skill      XL: |  1  2  3  4  5 |
---------------+----------------+-----
Short Blades   | 3 4 5 6 7 |  7.9
Stealth        | 6 |  6.0
Fighting       | |  2.1
Throwing       | |  2.1
Dodging        | |  1.2

Action                     |  1- 3 |  4- 6 || total
---------------------------+-------+-------++-------
  Melee: Dagger            |    48 |   112 ||   160
         Punch             |     1 |     2 ||     3
  Throw: Dart              |       |    10 ||    10
   Stab: Sleeping          |    21 |    11 ||    32
         Distracted        |       |     1 ||     1
 Armour: Robe              |    11 |    37 ||    48
  Dodge: Dodged            |    16 |    33 ||    49
  Block: Other             |       |    18 ||    18

Table legend: (Time is in decaauts)
 A = Elapsed time spent in this place.
 B = Non-inter-level travel time spent in this place.
 C = Inter-level travel time spent in this place.
 D = Time resting spent in this place.
 E = Time spent auto-exploring this place.
 F = Levels seen in this place.
 G = Mean time per level.
                   A        B        C        D        E       F      G
               +--------+--------+--------+--------+--------+-----+--------+
         Total |   2486 |   2377 |    109 |      2 |   1949 |   4 |  621.5 |
       Dungeon |   2486 |   2377 |    109 |      2 |   1949 |   4 |  621.5 |
               +--------+--------+--------+--------+--------+-----+--------+

Top non-repeatable levels by time:
     D:1: 992 daAuts
     D:2: 768 daAuts
     D:3: 486 daAuts
     D:4: 238 daAuts
